 Dungeon Crawl Stone Soup version 0.21-a0-265-gb353147 (webtiles) character file.

121 Gagarin the Gusty (level 4, 0/35 HPs)
             Began as a Draconian Air Elementalist on Sept 12, 2017.
             Slain by an orc priest (1 damage)
             ... on level 4 of the Dungeon.
             The game lasted 00:10:23 (2650 turns).

Gagarin the Gusty (Draconian Air Elementalist)      Turns: 2650, Time: 00:10:24

Health: 0/35       AC:  6    Str: 10    XL:     4   Next: 77%
Magic:  1/7        EV: 12    Int: 17    God:
Gold:   195        SH:  0    Dex: 11    Spells: 5/8 levels left

rFire    . . .     SeeInvis .   c - +0 short sword (venom)
rCold    . . .     Gourm    .   (no shield)
rNeg     . . .     Faith    .   (armour unavailable)
rPois    .         Spirit   .   (helmet restricted)
rElec    .         Reflect  .   (no cloak)
rCorr    .         Harm     .   g - +0 pair of gloves
MR       .....                  (no boots)
Stlth    ++........             (no amulet)
HPRegen  0.11/turn              (no ring)
MPRegen  0.10/turn              (no ring)

@: no status effects
A: unfitting armour, cold-blooded, AC +5
a: no special abilities


You were on level 4 of the Dungeon.
You were hungry.

You visited 1 branch of the dungeon, and saw 4 of its levels.

You collected 195 gold pieces.

Inventory:

Hand Weapons
 c - a +0 short sword of venom (weapon)
Armour
 g - a +0 pair of gloves (worn)
Jewellery
 m - an uncursed amulet of rage {unknown}
 n - an uncursed ring of ice {unknown}
Scrolls
 d - 2 scrolls of fear {unknown}
 e - a scroll of enchant weapon {unknown}
 f - a scroll of immolation {unknown}
 h - 5 scrolls of identify {unknown}
 i - a scroll of enchant armour {unknown}
 j - a scroll of teleportation {unknown}
 o - a scroll of remove curse {unknown}
 q - 2 scrolls of amnesia {unknown}
Potions
 k - 3 potions of curing
 p - a potion of lignification {unknown}
 r - a potion of invisibility {unknown}
 s - a potion of brilliance {unknown}
 u - 2 potions of agility {unknown}
 v - 3 potions of degeneration {unknown}
 w - a potion of haste {unknown}
Books
 a - a book of Air

   Spells                             Type                      Level
   a - Shock                          Conjuration/Air              1
   b - Swiftness                      Charms/Air                   2
   c - Static Discharge               Conjuration/Air              3
   d - Airstrike                      Air                          4
   e - Lightning Bolt                 Conjuration/Air              5
Comestibles
 b - 3 bread rations
 l - a royal jelly
 t - 3 meat rations


   Skills:
 + Level 1.0 Fighting
 + Level 0.8 Short Blades
 - Level 1.9 Dodging
 - Level 2.0 Stealth
 + Level 2.5 Spellcasting
 + Level 1.8 Conjurations
 + Level 1.9 Charms
 + Level 3.7 Air Magic


You had 5 spell levels left.
You knew the following spells:

 Your Spells              Type           Power        Failure   Level  Hunger
a - Shock                 Conj/Air       ##..         6%          1    #......
b - Swiftness             Chrm/Air       ##......     9%          2    ##.....


Dungeon Overview and Level Annotations

Branches:
Dungeon (4/15)
 Temple: D:4-7

Altars:
Cheibriados
Fedhas

Shops:
D:4 *

Portals:
Ossuary: D:4


Innate Abilities, Weirdness & Mutations

Your plain brown scales are hard. (AC +5)
You cannot fit into any form of body armour.
You are cold-blooded and may be slowed by cold attacks.


Message History

* * * LOW HITPOINT WARNING * * *
The orc priest begins to cast a cantrip, but forgets the words!
Okay, then.
Casting: Shock
Confirm with . or Enter, or press ? or * to list all spells.
You don't have enough magic to cast that spell.
It was a potion of curing.
You feel better.
Casting: Shock
Confirm with . or Enter, or press ? or * to list all spells.
You don't have enough magic to cast that spell.
You hit the orc priest but do no damage.
The orc priest is almost dead.
The orc priest invokes the aid of Beogh against you.
Beogh smites you!
* * * LOW HITPOINT WARNING * * *
The orc priest barely misses you.
You barely miss the orc priest.
The orc priest is almost dead.
The orc priest hits you.
You die...

. . .## .† #.## ### #
.o###.... +####
#.##o#...# #...#
#..o@..# .∩.#
#.##.### ### ...
#...## #.###### ##
##...###.##...#...
#....##.##.>.#.>.
###.#......<.#...#...
.......∩..##.'#### #
##).#.....#####
##..........


You could see 2 orc priests and an orc.

Vanquished Creatures
  4 adders
  4 worms
  A dart slug (D:2)
  2 leopard geckos
  An orc (D:4)
  3 ball pythons
  5 giant cockroaches
  4 goblins
  13 hobgoblins
  8 jackals
  A quokka (D:2)
  9 bats
  4 frilled lizards
  2 kobolds (D:1)
  5 rats
66 creatures vanquished.

Notes
Turn   | Place    | Note
-------+----------+-------------------------------------------
     0 | D:1      | Gagarin the Draconian Air Elementalist began the quest for the Orb.
     0 | D:1      | Reached XP level 1. HP: 14/14 MP: 3/3
   312 | D:1      | Reached XP level 2. HP: 19/20 MP: 5/5
   411 | D:1      | Learned a level 2 spell: Swiftness
   959 | D:2      | Reached skill level 1 in Charms
   975 | D:2      | Reached XP level 3. HP: 26/26 MP: 6/6
  1585 | D:2      | Found a snail-covered altar of Cheibriados.
  1598 | D:2      | Reached XP level 4. HP: 21/34 MP: 7/7
  2051 | D:3      | Reached skill level 1 in Fighting
  2255 | D:3      | Found a blossoming altar of Fedhas.
  2614 | D:4      | Found Bezxorghi's Bounteous Boutique.
  2626 | D:4      | Found a sand-covered staircase.
  2649 | D:4      | HP: 1/35 [orc priest/divine providence (13)]
  2650 | D:4      | Slain by an orc priest

Vault maps used:
D:1:      dpeg_arrival_rooms_c
D:2:      old_standard_altar
D:3:      lemuel_coloured_pillars_altar, first_bread
D:4:      hangedman_ru_absence, temple_pool_b,
          nicolae_ossuary_entry_false_entrances, nicolae_alphabet_shops

Skill      XL: |  1  2  3  4 |
---------------+-------------+-----
Charms         | 1 |  1.9
Stealth        | 2 |  2.0
Fighting       | 1 |  1.0
Short Blades   | |  0.8
Dodging        | |  1.9
Spellcasting   | |  2.5
Conjurations   | |  1.8
Air Magic      | |  3.7

Action                   |  1- 3 |  4- 6 || total
-------------------------+-------+-------++-------
Melee: Short sword       |    75 |    56 ||   131
       Tailslap          |     8 |     7 ||    15
 Cast: Shock             |    25 |    14 ||    39
  Use: Potion            |       |     1 ||     1
 Stab: Sleeping          |     5 |     1 ||     6
  Eat: Chunk             |     2 |     3 ||     5
Armor: Skin              |    17 |    24 ||    41
Dodge: Dodged            |    50 |    28 ||    78

Table legend:
 A = Spawn XP
 B = Non-spawn XP
 C = Spawn XP percentage of total XP
 D = Spawn monster count
 E = Non-spawn monster count
 F = Spawn count percentage of total count
 G = Total turns spent on level
                    A         B        C        D         E        F      G
               +---------+---------+-------+---------+---------+-------+---------
         Total |       0 |     174 |   0.0 |       0 |      66 |   0.0 |  2650
               +---------+---------+-------+---------+---------+-------+---------
           D:1 |       0 |      38 |   0.0 |       0 |      23 |   0.0 |   997
           D:2 |       0 |      90 |   0.0 |       0 |      28 |   0.0 |  1013
           D:3 |       0 |      43 |   0.0 |       0 |      14 |   0.0 |   604
           D:4 |       0 |       3 |   0.0 |       0 |       1 |   0.0 |    36
               +---------+---------+-------+---------+---------+-------+---------
